 Dungeon Crawl Stone Soup version 0.25.0-46-gbd7b0854d2 (webtiles) character file.

Game seed: 5678899027366121127

60820 Curus the Severer (level 14, -1/129 HPs)
             Began as a Minotaur Gladiator on July 12, 2020.
             Was the Champion of Okawaru.
             Slain by Rupert
             ... wielding a +3 great mace of protection
              (23 damage)
             ... on level 6 of the Lair of Beasts on July 13, 2020.
             The game lasted 01:29:03 (19960 turns).

Curus the Severer (Minotaur Gladiator)             Turns: 19960, Time: 01:29:04

Health: -1/129     AC: 26    Str: 22    XL:     14   Next: 58%
Magic:  15/17      EV: 13    Int: 11    God:    Okawaru [******]
Gold:   2165       SH:  4    Dex: 21    Spells: 13/13 levels left

rFire    + . .     SeeInvis +   I - +2 battleaxe (flame)
rCold    . . .     Gourm    .   (shield currently unavailable)
rNeg     . . .     Faith    .   V - +0 plate armour {rF+}
rPois    .         Spirit   .   x - +1 hat {SInv}
rElec    .         Reflect  .   F - scarf {repulsion}
rCorr    .         Harm     .   K - +2 pair of gloves
MR       +++..                  T - +0 pair of boots
Stlth    ..........             A - amulet of the acrobat
HPRegen  0.31/turn              b - ring of the Mage {Wiz MR++ Int+3}
MPRegen  0.15/turn              X - +6 ring of dexterity

@: heroism, repel missiles
A: retaliatory headbutt, horns 2, large bone plates 1, agile 1, shaggy fur 1,
strong 1, wild magic 1
a: Heroism, Finesse, Renounce Religion


You were on level 6 of the Lair of Beasts.
You worshipped Okawaru.
Okawaru was exalted by your worship.
You were hungry.

You visited 3 branches of the dungeon, and saw 18 of its levels.
You also visited: Sewer and Volcano.

You collected 2165 gold pieces.

Inventory:

Hand Weapons
 e - a +2 battleaxe of distortion
 I - a +2 battleaxe of flaming (weapon)
 Z - the +8 broad axe "Fycohyz" {protect, +Rage rPois rN+ Int+4}
   (Okawaru gifted it to you on level 5 of the Lair of Beasts)

   It grants its wielder temporary protection when it strikes (+7 to AC).
   It affects your intelligence (+4).
   It protects you from poison.
   It protects you from negative energy.
   It lets you go berserk.
Missiles
 d - 10 throwing nets (quivered)
Armour
 c - a +1 hat
 x - a +1 hat of see invisible (worn)
 F - a scarf of repulsion (worn)
 H - a +0 buckler of positive energy
 K - a +2 pair of gloves (worn)
 T - a +0 pair of boots (worn)
 V - a +0 plate armour of fire resistance (worn)
Jewellery
 b - the ring of the Mage (left hand) {Wiz MR++ Int+3}
   (You found it on level 6 of the Lair of Beasts)

   [ring of wizardry]

   It improves your spell success rate.
   It affects your intelligence (+3).
   It affects your resistance to hostile enchantments.
 j - an uncursed ring of see invisible
 m - a +4 ring of protection
 t - an uncursed ring of fire
 A - an amulet of the acrobat (around neck)
 J - a +4 ring of protection
 N - the ring "Allour" {Dex+6 SInv Stlth+}
   (You acquired it on level 10 of the Dungeon)

   [ring of stealth]

   It affects your dexterity (+6).
   It lets you see invisible.
   It makes you more stealthy.
 O - a +4 ring of protection
 X - a +6 ring of dexterity (right hand)
Wands
 n - a wand of acid (34)
 B - a wand of flame (56)
 E - a wand of random effects (32)
 L - a wand of enslavement (8)
 M - a wand of iceblast (18)
 P - a wand of polymorph (17)
 R - a wand of disintegration (9)
 U - a wand of paralysis (7)
Scrolls
 h - 2 scrolls of blinking
 k - 12 scrolls of remove curse
 l - 2 scrolls of amnesia
 o - 12 scrolls of teleportation
 p - 6 scrolls of identify
 y - a scroll of magic mapping
 Q - a scroll of fear
 Y - a scroll of fog
Potions
 a - a potion of lignification {unknown}
 q - 3 potions of flight
 r - 4 potions of curing
 s - 4 potions of might
 u - a potion of magic
 v - a potion of invisibility
 w - 4 potions of berserk rage
 z - 2 potions of haste
 C - 3 potions of stabbing
 G - 2 potions of brilliance
Miscellaneous
 i - a box of beasts
 S - a phantom mirror
 W - a lightning rod (4/4)
Comestibles
 f - 42 rations
 g - 4 chunks of flesh


   Skills:
 + Level 13.6(18.6) Fighting
 - Level 20.0(25.0) Axes
 - Level 2.0(7.0) Throwing
 + Level 13.4(18.4) Armour
 - Level 3.2(8.2) Dodging
 - Level 6.6 Invocations
 - Level 6.0 Evocations


You had 13 spell levels left.
You didn't know any spells.
Your spell library contained the following spells:

 Spells                   Type           Power        Failure   Level  Hunger
 Foxfire                  Conj/Fire      #...         73%         1    ##.....
 Freeze                   Ice            #...         73%         1    ##.....
 Infusion                 Chrm           #...         73%         1    ##.....
 Shroud of Golubria       Chrm/Tloc      #.....       85%         2    ###....
 Song of Slaying          Chrm           #.......     85%         2    ###....
 Sublimation of Blood     Necr           #.........   85%         2    ###....
 Conjure Flame            Conj/Fire      #.......     96%         3    ####...
 Frozen Ramparts          Ice            #.....       96%         3    ####...
 Ignite Poison            Fire/Tmut/Pois #.......     96%         3    ####...
 Inner Flame              Hex/Fire       #.......     96%         3    ####...
 Ozocubu's Armour         Chrm/Ice       #.......     96%         3    ####...
 Spectral Weapon          Hex/Chrm       #.......     96%         3    ####...
 Static Discharge         Conj/Air       #.......     96%         3    ####...
 Hailstorm                Conj/Ice       #.......     100%        4    #####..
 Leda's Liquefaction      Hex/Erth       #.........   100%        4    #####..
 Petrify                  Tmut/Erth      #.......     100%        4    #####..
 Sticky Flame             Conj/Fire      #.......     100%        4    #####..
 Summon Ice Beast         Ice/Summ       #.......     100%        4    #####..
 Alistair's Intoxication  Tmut/Pois      #.......     100%        5    ######.
 Bolt of Magma            Conj/Fire/Erth #.........   100%        5    ######.
 Fireball                 Conj/Fire      #.........   100%        5    ######.
 Irradiate                Conj/Tmut      #.........   100%        5    ######.
 Lightning Bolt           Conj/Air       #.........   100%        5    ######.
 Eringya's Noxious Bog    Tmut/Pois      #.........   100%        6    #######
 Iron Shot                Conj/Erth      #.........   100%        6    #######
 Statue Form              Tmut/Erth      #........    100%        6    #######
 Ignition                 Fire           #.........   100%        8    #######
 Shatter                  Erth           #.........   100%        9    #######
 Tornado                  Air            #.........   100%        9    #######


Dungeon Overview and Level Annotations

Branches:
Dungeon (11/15)            Temple (1/1) D:4            Lair (6/6) D:11
 Shoals (0/4) Lair:3       Spider (0/4) Lair:2        Slime (0/5) Lair:5
    Orc (0/2) D:10          Sewer (visited)         Volcano (visited)

Altars:
Ashenzari
Cheibriados
Dithmenos
Fedhas
Gozag
Kikubaaqudgha
Nemelex Xobeh
Okawaru
Ru
Sif Muna
Trog
Uskayaw
Wu Jian
Yredelemnul
Zin
The Shining One
Jiyva

Shops:
D:6 [   D:11 *

Annotations:
Lair:6 1 runed translucent door, Curus's ghost, journeyman MiFi; Rupert


Innate Abilities, Weirdness & Mutations

You reflexively headbutt those who attack you in melee.
You have a pair of horns on your head.
You are partially covered in large bone plates. (SH +4)
You are agile. (Dex +2)
You are covered in fur. (AC +1)
Your muscles are strong. (Str +2)
Your spells are a little harder to cast, but a little more powerful.


Message History

Rupert is severely wounded.
Rupert hits you with a +3 great mace of protection!
Your plate armour prevents you from hitting Rupert.
Your headbutt misses Rupert.
Rupert is severely wounded.
Rupert hits you with a +3 great mace of protection.
You closely miss Rupert.
Rupert is severely wounded.
You gain the combat prowess of a mighty hero.
Rupert hits you with a +3 great mace of protection!
* * * LOW HITPOINT WARNING * * *
Rupert hits you with a +3 great mace of protection!
* * * LOW HITPOINT WARNING * * *
You are feeling hungry.
You closely miss Rupert. You headbutt Rupert!
Rupert is almost dead.
You slice Rupert!! You burn Rupert!
Rupert is almost dead.
Rupert hits you with a +3 great mace of protection!!
You die...

≈≈P≈#≈≈≈≈≈≈≈≈≈≈≈≈≈..≈........##
≈≈≈≈####≈≈≈≈≈≈≈≈≈≈†.≈P......##.
≈≈≈###≈≈≈≈≈≈≈≈≈≈≈........P.##..
.≈≈#
#≈P≈.≈≈≈≈≈≈≈.≈.........+...
≈≈#≈≈≈≈≈≈≈≈≈.≈...........##W.
P≈≈≈P≈..≈≈.≈..####.####...##.
......P...≈.###...###......##
..P≈....P.###.....##........#
..≈......†.@@...####........
##.......†...†..#..........
.##..#.........##.#..........
........##....##.#..........#
P......[.####.#..............
.(.......# ##...............
.......... #................
........... ##...............
...........##.......†........


You could see Rupert (berserk, corroded).

Vanquished Creatures
  A fire dragon (Volcano)
  Harold (D:8)
  3 hydras
  An anaconda (Lair:6)
  5 alligators (Lair:4)
  A queen ant (Lair:2)
  2 two-headed ogres
  An unseen horror (D:10)
  Pikel (D:8)
  A lindwurm (Lair:3)
  A cyclops (D:11)
  3 salamanders (Volcano)
  2 ugly things
  16 elephants
  Psyche (D:8)
  3 black mambas
  A torpor snail (Lair:5)
  27 spiny frogs
  3 rime drakes
  A kobold demonologist (D:7)
  9 komodo dragons
  2 trolls
  3 tyrant leeches (Lair:6)
  A hornet (D:11)
  2 polar bears
  19 blink frogs
  5 hippogriffs
  7 slime creatures
  A shadow (D:11)
  Sigmund (D:5)
  8 fire bats (Volcano)
  4 wyverns
  5 steam dragons (Volcano)
  21 yaks
  A hungry ghost (D:8)
  8 vampire mosquitoes
  Menkaure (D:7)
  2 swamp worms (Lair:4)
  The ghost of Necrophagist the Insei, an amateur OpTm (D:4)
  6 soldier ants (Lair:2)
  15 water moccasins
  12 porcupines
  3 black bears
  A hornet zombie (D:7)
  4 ice beasts
  11 orc warriors
  3 sky beasts
  2 slaves (D:8)
  A phantom (D:9)
  An eye of draining (D:9)
  4 necrophages
  2 ogres
  8 centaurs
  19 crocodiles
  2 big kobolds
  A wyvern zombie (D:10)
  28 bullfrogs
  A gnoll sergeant (D:7)
  6 scorpions
  4 killer bees (D:7)
  6 wights (D:6)
  4 howler monkeys
  3 centaur zombies
  2 electric eels (Lair:6)
  A bullfrog zombie (D:8)
  6 crimson imps
  4 hounds
  A jelly (D:11)
  3 bullfrog skeletons
  3 centaur skeletons
  9 orc priests
  14 orc wizards
  2 iguanas (D:10)
  16 hell rats (Lair:2)
  36 worker ants
  A centaur simulacrum (D:4)
  2 hound zombies
  A hound skeleton (D:6)
  A worker ant zombie (D:5)
  A howler monkey zombie (D:8)
  Robin (D:4)
  12 gnolls
  A howler monkey skeleton (D:6)
  11 river rats
  16 adders
  A hound simulacrum (D:4)
  5 shadow imps
  A worker ant simulacrum (D:4)
  An ooze (D:1)
  2 adder zombies
  An adder skeleton (D:5)
  6 worms
  5 dart slugs
  7 leopard geckos
  83 orcs
  3 ball pythons
  6 bats
  11 giant cockroaches
  14 goblins
  13 hobgoblins
  14 jackals
  10 kobolds
  12 quokkas
  3 frilled lizards
  A leopard gecko skeleton (D:6)
  A quokka simulacrum (D:4)
  15 rats
  2 bushes (Lair:1)
  7 fungi
  10 plants
701 creatures vanquished.

Vanquished Creatures (others)
  A wizard (D:10)
  A slave (D:8)
  An orc (D:10)
  53 fungi
  95 plants
151 creatures vanquished.

Grand Total: 852 creatures vanquished

Notes
Turn   | Place    | Note
-------+----------+-------------------------------------------
     0 | D:1      | Curus the Minotaur Gladiator began the quest for the Orb.
     0 | D:1      | Reached XP level 1. HP: 18/18 MP: 0/0
    73 | D:1      | Reached skill level 4 in Axes
    89 | D:1      | Reached XP level 2. HP: 24/25 MP: 1/1
   458 | D:1      | Reached skill level 5 in Axes
   526 | D:1      | Reached XP level 3. HP: 30/30 MP: 2/2
   580 | D:1      | Gained mutation: You have large cloven feet. [potion of
                  | mutation]
   580 | D:1      | Gained mutation: Your muscles are strong. (Str +2) [potion
                  | of mutation]
   580 | D:1      | Gained mutation: Scrolls take you a little longer to read.
                  | [potion of mutation]
   580 | D:1      | Gained mutation: You are agile. (Dex +2) [potion of
                  | mutation]
  1172 | D:2      | Reached skill level 6 in Axes
  1172 | D:2      | Reached XP level 4. HP: 35/37 MP: 3/3
  1332 | D:2      | Found a basalt altar of Yredelemnul.
  1396 | D:2      | Found a faded altar of an unknown god.
  2025 | D:3      | Reached skill level 7 in Axes
  2025 | D:3      | Reached XP level 5. HP: 23/42 MP: 4/4
  2558 | D:3      | Reached skill level 8 in Axes
  2560 | D:3      | Reached XP level 6. HP: 50/50 MP: 5/5
  2910 | D:4      | Found a runed translucent gate.
  2910 | D:4      | Found a staircase to the Ecumenical Temple.
  2913 | D:4      | Reached skill level 9 in Axes
  2915 | D:4      | Found a runed translucent gate.
  2934 | D:4      | Found a runed translucent gate.
  2943 | D:4      | Noticed Robin
  2954 | D:4      | Killed Robin
  3130 | D:4      | Reached XP level 7. HP: 42/56 MP: 6/6
  3131 | D:4      | Reached skill level 10 in Axes
  3289 | D:4      | Noticed Necrophagist's ghost (amateur OpTm)
  3391 | D:4      | Found a glowing drain.
  3400 | Sewer    | Entered a sewer
  3705 | Temple   | Entered the Ecumenical Temple
  3724 | Temple   | Became a worshipper of Warmaster Okawaru
  4061 | D:4      | Reached skill level 11 in Axes
  4261 | D:4      | Killed Necrophagist's ghost
  4261 | D:4      | Reached XP level 8. HP: 57/62 MP: 7/7
  4319 | D:5      | Entered Level 5 of the Dungeon
  4353 | D:5      | Noticed Sigmund
  4354 | D:5      | Reached * piety under Okawaru
  4369 | D:5      | Reached skill level 12 in Axes
  4378 | D:5      | Killed Sigmund
  4427 | D:5      | Noticed a troll
  4440 | D:5      | Killed a troll
  4440 | D:5      | Reached skill level 13 in Axes
  4701 | D:5      | Reached ** piety under Okawaru
  4954 | D:5      | Found a shattered altar of Ashenzari.
  5120 | D:5      | Lost mutation: Scrolls take you a little longer to read.
                  | [potion of mutation]
  5120 | D:5      | Lost mutation: You have large cloven feet. [potion of
                  | mutation]
  5120 | D:5      | Gained mutation: You are covered in fur. (AC +1) [potion of
                  | mutation]
  5120 | D:5      | Gained mutation: You are partially covered in large bone
                  | plates. (SH +4) [potion of mutation]
  5120 | D:5      | Gained mutation: Your spells are a little harder to cast,
                  | but a little more powerful. [potion of mutation]
  5210 | D:6      | Reached XP level 9. HP: 68/68 MP: 8/8
  5241 | D:6      | Reached skill level 14 in Axes
  5450 | D:6      | Found Zuluha's Armour Shoppe.
  5799 | D:7      | Noticed Menkaure
  5806 | D:7      | Killed Menkaure
  5983 | D:7      | Reached skill level 15 in Axes
  6057 | D:7      | Reached *** piety under Okawaru
  6059 | D:7      | Noticed a kobold demonologist
  6071 | D:7      | Killed a kobold demonologist
  6076 | D:7      | Received a gift from Okawaru
  6163 | D:7      | Reached skill level 16 in Axes
  6164 | D:7      | Noticed a cyan ugly thing
  6173 | D:7      | Killed a cyan ugly thing
  6173 | D:7      | Reached **** piety under Okawaru
  6173 | D:7      | Reached XP level 10. HP: 28/77 MP: 9/9
  6950 | D:7      | Reached skill level 5 in Fighting
  7440 | D:8      | Noticed a two-headed ogre
  7448 | D:8      | Killed a two-headed ogre
  7448 | D:8      | Reached ***** piety under Okawaru
  7448 | D:8      | Reached skill level 5 in Armour
  7457 | D:8      | Noticed Psyche
  7465 | D:8      | Killed Psyche
  7499 | D:8      | Noticed Pikel
  7514 | D:8      | Killed Pikel
  8155 | D:8      | Received a gift from Okawaru
  8225 | D:8      | Noticed Harold
  8248 | D:8      | Killed Harold
  8248 | D:8      | Received a gift from Okawaru
  8248 | D:8      | Reached XP level 11. HP: 84/95 MP: 10/10
  9385 | D:10     | Entered Level 10 of the Dungeon
  9580 | D:10     | Found a staircase to the Orcish Mines.
  9725 | D:10     | Noticed an unseen horror
  9735 | D:10     | Killed an unseen horror
 10025 | D:10     | Reached skill level 10 in Fighting
 10036 | D:10     | Found a bloodstained altar of Trog.
 10082 | D:10     | Noticed a wizard
 10088 | D:10     | Killed a wizard
 10163 | D:10     | Identified a scroll of acquirement
 10163 | D:10     | Acquired the ring "Allour" {Dex+6 SInv Stlth+}
 10189 | D:11     | Reached skill level 10 in Armour
 10192 | D:11     | Received a gift from Okawaru
 10296 | D:11     | Found Mareow's General Store.
 10538 | D:11     | Noticed a cyan ugly thing
 10551 | D:11     | Killed a cyan ugly thing
 10551 | D:11     | Reached ****** piety under Okawaru
 10721 | D:11     | Found a staircase to the Lair.
 10770 | D:11     | Received a gift from Okawaru
 10770 | D:11     | Reached XP level 12. HP: 71/111 MP: 11/11
 11000 | Lair:1   | Entered Level 1 of the Lair of Beasts
 11031 | Lair:1   | Reached skill level 1 in Invocations
 11147 | Lair:1   | Reached skill level 1 in Evocations
 11865 | Lair:2   | Found a hole to the Spider Nest.
 12435 | Lair:2   | Noticed a queen ant
 12453 | Lair:2   | Killed a queen ant
 13404 | Lair:3   | Found a staircase to the Shoals.
 13480 | Lair:3   | Reached skill level 5 in Invocations
 13578 | Lair:3   | Reached skill level 17 in Axes
 13642 | Lair:3   | Found a dark tunnel.
 13683 | Volcano  | Entered a volcano
 13728 | Volcano  | Noticed a two-headed ogre
 13732 | Volcano  | Received a gift from Okawaru
 13735 | Volcano  | Killed a two-headed ogre
 13735 | Volcano  | Reached skill level 5 in Evocations
 13892 | Volcano  | Reached XP level 13. HP: 75/117 MP: 16/16
 14250 | Volcano  | Noticed a fire dragon
 14257 | Volcano  | Killed a fire dragon
 14639 | Lair:3   | Received a gift from Okawaru
 15980 | Lair:4   | Reached skill level 18 in Axes
 17450 | Lair:5   | Reached skill level 19 in Axes
 17835 | Lair:5   | Found a staircase to the Slime Pits.
 17835 | Lair:5   | Found a viscous altar of Jiyva.
 17871 | Lair:5   | Received a gift from Okawaru
 17872 | Lair:5   | Got a bloodstained broad axe {god gift}
 18152 | Lair:5   | Identified the +8 broad axe "Fycohyz" {protect, +Rage rPois
                  | rN+ Int+4} (Okawaru gifted it to you on level 5 of the Lair
                  | of Beasts)
 18154 | Lair:6   | Entered Level 6 of the Lair of Beasts
 18209 | Lair:6   | Reached XP level 14. HP: 52/125 MP: 17/17
 18596 | Lair:6   | Found a basalt altar of Yredelemnul.
 18629 | Lair:6   | Reached skill level 20 in Axes
 18691 | Lair:6   | Received a gift from Okawaru
 19113 | Lair:6   | Found the ring of the Mage {Wiz MR++ Int+3}
 19143 | Lair:6   | Received a gift from Okawaru
 19267 | Lair:6   | Found a runed translucent door.
 19336 | Lair:6   | Noticed Curus's ghost (journeyman MiFi)
 19942 | Lair:6   | Noticed Rupert
 19960 | Lair:6   | Slain by Rupert

Illustrated notes

Levels and vault maps discovered:
D:1:      kennysheep_arrival_seaside, layout_basic
D:2:      layout_rooms, first_ration, chequers_ecumenical_altar_twisty,
          yredelemnul_altar_generic
D:3:      layout_loops_cross, roderic_nine_men_s_morris
D:4:      layout_cave_pools, minmay_temple_entry_mini_moons,
          portal_sewer_entry_e, gammafunk_ghost_icy, uniq_robin
D:5:      layout_rooms, ashenzari_conservatory_becter, feat_on_display,
          uniq_sigmund
D:6:      layout_basic, serial_shops, shop
D:7:      minmay_the_grid_four_pointed_star
          [minmay_the_grid_triangle_9x9_zippers_horizontal,
          minmay_the_grid_triangle_9x9_checkered,
          minmay_the_grid_triangle_9x9_pentomino_pain,
          minmay_the_grid_triangle_9x9_zippers_vertical,
          minmay_the_grid_prize_four_corners], layout_basic, uniq_menkaure
D:8:      layout_rooms, blue_anna_alchemist [blue_anna_fruit_fields,
          blue_anna_fruit_fields], uniq_harold, uniq_pikel, uniq_psyche
D:9:      layout_loops_ring
D:10:     layout_long_grid, hiddenorc2_lemuel, trog_wizard
D:11:     layout_rooms, due_lair_maze_entry_diamond, serial_shops,
          nicolae_shop_statue_plus, minivault_12
Temple:   grunt_wide_crystal_templ
Lair:1:   layout_loops_ring, minmay_hedge_maze, nicolae_quartered_pool_medium,
          infiniplex_staircase_pool_2
Lair:2:   lemuel_ratsnest, layout_gridlike, dummy_spider_entry,
          zaba_antful_of_joy
Lair:3:   layout_roguey, shoals_dummy_entry, nicolae_volcano_entry_vermiform
Lair:4:   onia_ninara_swampy_vault, layout_cave_pods
Lair:5:   layout_roguey, slime_altar_1, lemuel_fruit_tree, grunt_megastairs_2
Lair:6:   minmay_lair_end_frog_pond, layout_cave_pods, basic_altar,
          hellmonk_ghost_happy_afterlife, uniq_rupert

Skill      XL: |  1  2  3  4  5  6  7  8  9 10 11 12 13 14 |
---------------+-------------------------------------------+-----
Axes           | 4 5 6 7 8 9 11 13 16 17 19 20 | 20.0
Fighting       | 3 8 11 13 | 13.6
Armour         | 2 8 11 13 | 13.4
Invocations    | 5 6 |  6.6
Evocations     | 5 6 |  6.0
Throwing       | |  2.0
Dodging        | |  3.2

Action                   |  1- 3 |  4- 6 |  7- 9 | 10-12 | 13-15 || total
-------------------------+-------+-------+-------+-------+-------++-------
Melee: War axe           |    71 |   140 |   249 |   221 |       ||   681
       Headbutt          |    12 |    22 |    50 |   147 |   140 ||   371
       Kick              |     5 |    44 |    35 |       |       ||    84
       Battleaxe         |       |       |       |   466 |   483 ||   949
Invok: Heroism           |       |       |       |       |     2 ||     2
Evoke: Wand              |       |       |       |     3 |     2 ||     5
  Use: Scroll            |     5 |     5 |     5 |     6 |     3 ||    24
       Potion            |     3 |     4 |     5 |     2 |     1 ||    15
  Eat: Chunk             |     1 |     6 |     7 |    25 |    16 ||    55
       Ration            |       |       |     1 |       |     1 ||     2
Armor: Chain mail        |    40 |    73 |    99 |    19 |       ||   231
       Plate armour      |       |       |       |   273 |   307 ||   580
Dodge: Dodged            |    28 |    72 |    78 |   220 |   210 ||   608
       Repelled          |       |       |       |     2 |     2 ||     4
Block: Buckler           |       |       |    37 |    67 |       ||   104
       Other             |       |       |       |    64 |    68 ||   132
